 Dungeon Crawl Stone Soup version 0.31-a0-175-g9f7f995f2b (webtiles) character file.

Game seed: 10042421368762552843

7415 qw the Skirmisher (level 11, 0/71 HPs)
             Began as a Gargoyle Hunter on June 16, 2023.
             Was a Priest of Okawaru.
             Slain by a death yak (14 damage)
             ... on level 2 of the Lair of Beasts.
             The game lasted 00:03:32 (9394 turns).

qw the Skirmisher (Gargoyle Hunter)                 Turns: 9394, Time: 00:03:32

Health: 0/71       AC: 17    Str: 16    XL:     11   Next: 14%
Magic:  14/14      EV: 16    Int:  9    God:    Okawaru [***...]
Gold:   357        SH:  4    Dex: 15    Spells: 10/10 levels left

rFire   . . .        Y - +1 orcbow
rCold   . . .        (shield currently unavailable)
rNeg    + . .        q - +2 robe {Will+}
rPois   inf          g - +0 helmet
rElec   +            d - +0 cloak
rCorr   .            (no gloves)
SInv    .            (no boots)
Will    ++...        (no amulet)
Stlth   +++          (no ring)
HPRegen 0.31/turn    (no ring)
MPRegen 0.14/turn

%: no passive effects
@: heroic
A: sickness immunity, AC +8, negative energy resistance 1, electricity
resistance, torment resistance 1, petrification resistance, iridescent scales 1,
large bone plates 1, clumsy 1, strong-willed 1
a: Renounce Religion, Heroism


You were on level 2 of the Lair of Beasts.
You worshipped Okawaru.
Okawaru was most pleased with you.
You visited 3 branches of the dungeon, and saw 11 of its levels.

You collected 447 gold pieces.
You spent 90 gold pieces at shops.


Innate Abilities, Weirdness & Mutations

You are immune to sickness and miasma.
Your stone body is resilient. (AC +8)
You are immune to poison.
You resist negative energy. (rN+)
You are resistant to electric shocks. (rElec)
You are resistant to unholy torment.
You are immune to petrification.
You are partially covered in iridescent scales. (AC +2)
You are partially covered in large bone plates. (SH +4)
You are clumsy. (Dex -2)
You are strong-willed. (Will+)


   Skills:
 - Level 9.1(14.1) Fighting
 + Level 13.7(18.7) Ranged Weapons
 - Level 3.0(8.0) Armour
 - Level 4.0(9.0) Dodging
 - Level 1.1(6.1) Stealth
 - Level 4.1 Invocations


You had 10 spell levels left.
You didn't know any spells.
Your spell library was empty.

Inventory:

Hand Weapons
 Y - a +1 orcbow (weapon)
Armour
 d - a +0 cloak (worn)
 g - a +0 helmet (worn)
 q - a +2 robe of willpower (worn)
Jewellery
 k - an amulet of guardian spirit
Wands
 b - a wand of digging (7)
Scrolls
 a - a scroll of identify
Potions
 c - a potion of mutation
 e - 2 potions of attraction
 f - 2 potions of lignification
 h - 5 potions of curing
 j - a potion of haste
 l - a potion of might
 m - a potion of magic
 o - a potion of cancellation

Dungeon Overview and Level Annotations

Branches:
Dungeon (8/15)             Temple (1/1) D:5            Lair (2/5) D:8
  Swamp: Lair:2-3    Shoals: Lair:2-3     Snake: Lair:2-3    Spider: Lair:2-3

Altars:
Ashenzari
Cheibriados
Dithmenos
Fedhas
Gozag
Makhleb
Nemelex Xobeh
Okawaru
Qazlal
Trog
Vehumet
Wu Jian
Xom
The Shining One
Lugonu

Shops:
D:2 :   D:4 *


Message History

The basilisk bites you but does no damage.
You shoot an arrow. The arrow hits the death yak!
The death yak is lightly wounded.
The blink frog blinks!
The death yak completely misses you. The basilisk barely misses you.
You shoot an arrow.
The arrow hits the death yak but does no damage.
The death yak is lightly wounded.
You shoot an arrow. The arrow hits the death yak!
The death yak is moderately wounded.
The death yak gores you but does no damage.
The basilisk gazes at you. You resist with almost no effort.
You shoot an arrow.
The arrow hits the death yak but does no damage.
The death yak is moderately wounded.
The death yak closely misses you. The death yak barely misses you.
The basilisk gazes at you. You resist with almost no effort.
You shoot an arrow.
The arrow hits the death yak but does no damage.
The death yak is moderately wounded.
The blink frog hits you but does no damage.
You shoot an arrow.
The arrow hits the death yak but does no damage.
The death yak is moderately wounded.
You hear a bellow!
You block the blink frog's attack. The death yak barely misses you.
The death yak gores you!! The basilisk bites you.
You hear a bellow!
You shoot an arrow. The arrow hits the death yak!
The death yak is moderately wounded.
The blink frog hits you.
The blink frog blinks!
The death yak barely misses you. The death yak closely misses you.
The basilisk bites you.
You shoot an arrow. The arrow hits the death yak!
The death yak is heavily wounded.
The death yak closely misses you.
A death yak comes into view.
The death yak gores you!
You die...

. ...#..# ....# ##.
#..##........
#..###..#..#.......##
###.P#................
.........P#.#..<.......
.................<.....
.....................~
..#.ยค.%##..........~~
#..@.##.#.......~~~
##YYl#..#.....#....
#...#...#%.....~~~
Y...##.##.<...##~
##...#...#.....#
#...##.##.....#
....##.#......#
.....#..........
............


You could see 3 death yaks and a basilisk.

Vanquished Creatures
  2 cane toads (Lair:1)
  A rime drake (Lair:1)
  3 komodo dragons (Lair:1)
  A hornet (D:7)
  8 blink frogs
  A wyvern (Lair:1)
  A basilisk (Lair:1)
  8 water moccasins
  3 orc warriors
  2 sky beasts (D:7)
  3 black bears
  9 wolves
  A phantom (D:6)
  A kobold brigand (D:8)
  4 bullfrogs
  A gnoll sergeant (D:5)
  2 scorpions
  5 wights (D:8)
  An electric eel (Lair:1)
  2 jellies
  2 gnoll boudas
  A hound (D:5)
  4 orc priests
  2 sleepcaps
  Ijyb (D:5)
  3 orc wizards
  2 mummies (D:8)
  10 gnolls
  3 adders
  A white imp (D:6)
  A worm (D:4)
  2 dart slugs
  24 orcs
  10 ball pythons
  6 endoplasms
  4 giant cockroaches
  8 hobgoblins
  3 quokkas (D:1)
  6 bats
  5 frilled lizards
  4 goblins
  A hobgoblin zombie (D:8)
  11 kobolds
  2 kobold zombies (D:8)
  An orc zombie (D:8)
  3 rats
179 creatures vanquished.

Notes
Turn   | Place    | Note
-------+----------+-------------------------------------------
     0 | D:1      | qw the Gargoyle Hunter began the quest for the Orb.
     0 | D:1      | Reached XP level 1. HP: 12/12 MP: 1/1
     0 | D:1      | 0 ||| qw: Version: 0.2-a-29-g511e9b1
     0 | D:1      | 0 ||| qw: Game counter: 5652
     0 | D:1      | 0 ||| qw: Always use a shield: true
     0 | D:1      | 0 ||| qw: God list: Okawaru
     0 | D:1      | 0 ||| qw: Allow faded altars: false
     0 | D:1      | 0 ||| qw: Do Orc after D:15 true
     0 | D:1      | 0 ||| qw: Do second Lair branch before Depths: true
     0 | D:1      | 0 ||| qw: Lair rune preference: random
     0 | D:1      | 0 ||| qw: Plans: Normal, Zot:1-4, Slime:5, God:TSO, Crypt,
                  | Tomb, Abyss, Pan, Hells, Win
     0 | D:1      | 0 ||| PLANNING D:1-11
   191 | D:1      | Reached XP level 2. HP: 17/17 MP: 2/2
   498 | D:1      | Reached XP level 3. HP: 21/21 MP: 3/3
   567 | D:1      | Reached skill level 5 in Ranged Weapons
   799 | D:1      | 799 ||| READING scroll labelled XIARASM HELI.
   800 | D:1      | 800 ||| READING scroll labelled JINU EDAILEOMU.
   801 | D:1      | 801 ||| READING scroll labelled HAS VUGGANOGO.
   804 | D:1      | 804 ||| DROPPING scroll of butterflies.
  1303 | D:2      | Reached skill level 3 in Fighting
  1428 | D:2      | Found Peoz Les's Book Shop.
  1689 | D:2      | 1689 ||| READING 2 scrolls labelled FIWKIH WARRASH.
  1690 | D:2      | 1690 ||| DRINKING 2 fuming brown potions.
  1691 | D:2      | 1691 ||| DROPPING potion of invisibility.
  1743 | D:3      | Reached XP level 4. HP: 28/28 MP: 4/4
  2564 | D:3      | 2564 ||| READING scroll labelled BUWE GOEKKISCHE.
  2565 | D:3      | 2565 ||| READING scroll labelled GYADDEC VUNEIRPH.
  2566 | D:3      | 2566 ||| DRINKING 2 emerald potions.
  2567 | D:3      | 2567 ||| READING 2 scrolls of identify.
  2567 | D:3      | 2567 ||| IDENTIFYING murky grey potion
  2568 | D:3      | 2568 ||| DROPPING potion of berserk rage.
  2907 | D:4      | Reached skill level 6 in Ranged Weapons
  2907 | D:4      | Reached XP level 5. HP: 32/32 MP: 5/5
  2912 | D:4      | Found Xuses's General Store.
  2921 | D:4      | 2921 ||| BUYING potion of attraction (30 gold).
  2921 | D:4      | Bought a potion of attraction for 30 gold pieces
  2921 | D:4      | 2921 ||| BUYING potion of curing (30 gold).
  2921 | D:4      | Bought a potion of curing for 30 gold pieces
  2921 | D:4      | 2921 ||| BUYING potion of lignification (30 gold).
  2921 | D:4      | Bought a potion of lignification for 30 gold pieces
  2921 | D:4      | 2921 ||| SHOPLISTING scroll of enchant weapon (75 gold,
                  | have 66).
  3188 | D:4      | Reached XP level 6. HP: 34/39 MP: 6/6
  3412 | D:4      | 3412 ||| UPGRADING to +0 ring mail.
  3422 | D:4      | 3422 ||| DROPPING +0 leather armour.
  3423 | D:4      | 3423 ||| READING scroll labelled KOSEURI XIQOQ.
  3424 | D:4      | 3424 ||| READING 3 scrolls of identify.
  3424 | D:4      | 3424 ||| IDENTIFYING viscous sapphire potion
  3425 | D:4      | 3425 ||| READING 2 scrolls of identify.
  3425 | D:4      | 3425 ||| IDENTIFYING sedimented orange potion
  3444 | D:5      | Entered Level 5 of the Dungeon
  3517 | D:5      | Reached skill level 1 in Armour
  3517 | D:5      | 3517 ||| FLEEEEING.
  3518 | D:5      | HP: 9/39 [gnoll sergeant/sling bullet (3)]
  3519 | D:5      | 3519 ||| READING scroll of teleportation.
  3520 | D:5      | 3520 ||| DRINKING potion of heal wounds.
  3522 | D:5      | Found an opulent altar of Gozag.
  3522 | D:5      | Found a sparkling altar of Nemelex Xobeh.
  3587 | D:5      | Noticed Ijyb
  3609 | D:5      | Killed Ijyb
  3696 | D:5      | Found a staircase to the Ecumenical Temple.
  3697 | D:5      | 3697 ||| PLANNING TEMPLE
  3697 | D:5      | 3697 ||| UPGRADING to +0 cloak.
  3710 | Temple   | Entered the Ecumenical Temple
  3729 | Temple   | 3729 ||| PLANNING OKAWARU WORSHIP
  3742 | Temple   | Became a worshipper of Warmaster Okawaru
  3743 | Temple   | 3743 ||| PLANNING D:1-11
  3802 | D:5      | 3802 ||| FLEEEEING.
  3803 | D:5      | 3803 ||| FLEEEEING.
  3804 | D:5      | 3804 ||| FLEEEEING.
  3805 | D:5      | 3805 ||| FLEEEEING.
  3806 | D:5      | 3806 ||| FLEEEEING.
  3807 | D:5      | 3807 ||| STAIRDANCE
  3833 | D:5      | 3833 ||| STAIRDANCE
  3945 | D:5      | Reached skill level 7 in Ranged Weapons
  3945 | D:5      | Reached XP level 7. HP: 44/44 MP: 7/7
  4152 | D:6      | 4152 ||| READING scroll of brand weapon.
  4152 | D:6      | 4152 ||| BRANDING +0 shortbow of freezing.
  4535 | D:6      | HP: 9/44 [gnoll/+0 whip[a gnoll bouda] (3)]
  4536 | D:6      | 4536 ||| DRINKING 2 potions of heal wounds.
  4652 | D:6      | Reached * piety under Okawaru
  4653 | D:6      | Reached skill level 8 in Ranged Weapons
  4655 | D:6      | 4655 ||| INVOKING Heroism.
  5068 | D:6      | 5068 ||| READING scroll labelled OGIEGI DOUTAAZ.
  5108 | D:7      | Reached skill level 3 in Armour
  5108 | D:7      | Reached XP level 8. HP: 44/49 MP: 8/8
  5283 | D:7      | 5283 ||| INVOKING Heroism.
  5297 | D:7      | Reached skill level 1 in Invocations
  5337 | D:7      | 5337 ||| DROPPING +0 sling.
  5338 | D:7      | 5338 ||| UPGRADING to +0 orcbow.
  5339 | D:7      | 5339 ||| DROPPING +0 shortbow of draining.
  5358 | D:7      | 5358 ||| INVOKING Heroism.
  5568 | D:7      | Found a broken altar of Ashenzari.
  5866 | D:7      | Reached skill level 3 in Invocations
  5894 | D:7      | Found a blossoming altar of Fedhas.
  6083 | D:7      | Noticed a hornet
  6092 | D:7      | 6092 ||| INVOKING Heroism.
  6104 | D:7      | Killed a hornet
  6105 | D:7      | Reached skill level 9 in Ranged Weapons
  6375 | D:7      | Reached XP level 9. HP: 46/55 MP: 12/12
  6425 | D:7      | 6425 ||| UPGRADING to +2 robe of willpower.
  6435 | D:7      | 6435 ||| DROPPING +0 ring mail.
  6436 | D:7      | 6436 ||| READING scroll labelled COCWEA OPHOPUJ.
  6491 | D:8      | Reached skill level 6 in Fighting
  6505 | D:8      | Reached ** piety under Okawaru
  6768 | D:8      | Found a radiant altar of Vehumet.
  6851 | D:8      | Found a staircase to the Lair.
  7061 | D:8      | Reached skill level 10 in Ranged Weapons
  7096 | D:8      | 7096 ||| INVOKING Heroism.
  7113 | D:8      | Reached skill level 3 in Dodging
  7129 | D:8      | Found a snail-covered altar of Cheibriados.
  7534 | D:8      | 7534 ||| PLANNING LAIR
  7534 | D:8      | 7534 ||| READING scroll labelled OSUUBE ENEI.
  7535 | D:8      | 7535 ||| DRINKING 2 viscous inky potions.
  7535 | D:8      | Gained mutation: You are clumsy. (Dex -2) [potion of
                  | mutation]
  7535 | D:8      | Gained mutation: You are strong-willed. (Will+) [potion of
                  | mutation]
  7535 | D:8      | Gained mutation: You are partially covered in large bone
                  | plates. (SH +4) [potion of mutation]
  7535 | D:8      | Gained mutation: You are partially covered in iridescent
                  | scales. (AC +2) [potion of mutation]
  7536 | D:8      | 7536 ||| READING 5 scrolls of identify.
  7536 | D:8      | 7536 ||| IDENTIFYING bubbling sapphire potion
  7537 | D:8      | 7537 ||| READING 4 scrolls of identify.
  7537 | D:8      | 7537 ||| IDENTIFYING fuming blue potion
  7538 | D:8      | 7538 ||| READING 3 scrolls of identify.
  7538 | D:8      | 7538 ||| IDENTIFYING orange potion
  7539 | D:8      | 7539 ||| READING 2 scrolls of identify.
  7539 | D:8      | 7539 ||| IDENTIFYING sapphire potion
  7540 | D:8      | 7540 ||| DROPPING potion of enlightenment.
  7609 | Lair:1   | Entered Level 1 of the Lair of Beasts
  7611 | Lair:1   | Noticed a komodo dragon
  7612 | Lair:1   | 7612 ||| INVOKING Heroism.
  7637 | Lair:1   | Killed a komodo dragon
  7650 | Lair:1   | 7650 ||| STAIRDANCE
  7683 | Lair:1   | Reached skill level 11 in Ranged Weapons
  7711 | Lair:1   | Noticed a komodo dragon
  7712 | Lair:1   | 7712 ||| INVOKING Heroism.
  7720 | Lair:1   | Killed a komodo dragon
  7727 | Lair:1   | Reached *** piety under Okawaru
  7728 | Lair:1   | Reached XP level 10. HP: 64/64 MP: 11/13
  7739 | Lair:1   | Identified the +9 rapier "Conservator" {flame, Str+6 Dex-3}
  7754 | Lair:1   | 7754 ||| INVOKING Heroism.
  7762 | Lair:1   | HP: 13/64 [komodo dragon (22)]
  7763 | Lair:1   | 7763 ||| READING 3 scrolls of teleportation.
  7764 | Lair:1   | 7764 ||| DRINKING 2 potions of heal wounds.
  7766 | Lair:1   | Noticed a cane toad
  7781 | Lair:1   | HP: 14/64 [blink frog (13)]
  7782 | Lair:1   | 7782 ||| READING 2 scrolls of teleportation.
  7783 | Lair:1   | 7783 ||| DRINKING potion of heal wounds.
  7787 | Lair:1   | 7787 ||| INVOKING Heroism.
  7792 | Lair:1   | Killed a cane toad
  7813 | Lair:1   | 7813 ||| INVOKING Heroism.
  7914 | Lair:1   | 7914 ||| INVOKING Heroism.
  7929 | Lair:1   | Reached skill level 12 in Ranged Weapons
  7929 | Lair:1   | 7929 ||| INVOKING Heroism.
  8058 | Lair:1   | 8058 ||| INVOKING Heroism.
  8142 | Lair:1   | 8142 ||| INVOKING Heroism.
  8156 | Lair:1   | Reached skill level 13 in Ranged Weapons
  8183 | Lair:1   | 8183 ||| INVOKING Heroism.
  8543 | Lair:1   | 8543 ||| INVOKING Heroism.
  8679 | Lair:1   | Noticed a cane toad
  8680 | Lair:1   | 8680 ||| INVOKING Heroism.
  8684 | Lair:1   | Killed a cane toad
  8685 | Lair:1   | Reached skill level 9 in Fighting
  8729 | Lair:1   | 8729 ||| INVOKING Heroism.
  8741 | Lair:1   | Reached XP level 11. HP: 32/71 MP: 12/14
  8745 | Lair:1   | HP: 16/71 [wolf (7)]
  8746 | Lair:1   | 8746 ||| READING scroll of teleportation.
  8750 | Lair:1   | HP: 9/71 [wolf (8)]
  9224 | Lair:1   | 9224 ||| UPGRADING to +0 helmet.
  9273 | Lair:2   | 9273 ||| STAIRDANCE
  9361 | Lair:2   | 9361 ||| INVOKING Heroism.
  9364 | Lair:2   | Noticed a death yak
  9386 | Lair:2   | Noticed a death yak
  9393 | Lair:2   | HP: 14/71 [basilisk (6)]
  9394 | Lair:2   | Noticed a death yak
  9394 | Lair:2   | Slain by a death yak

Levels and vault maps discovered:
D:1:      sevenhm_arrival_forest_fort_large_3, layout_loops_ring
D:2:      layout_basic, serial_shops, nicolae_shop_window_shopping,
          minmay_misc_feat_plants
D:3:      layout_loops_corners
D:4:      layout_basic, serial_shops, nicolae_shop_crystal
D:5:      layout_rooms, grunt_temple_overflow_opulence,
          minmay_temple_entry_butterflies, minmay_stone_trees_medium, uniq_ijyb
D:6:      layout_basic, chequers_serial_rivers_small_3, hangedman_glass_garden
D:7:      layout_gridville, nicolae_overflow_crystal_walls,
          mainiacjoe_overflow_alcove_1
D:8:      layout_basic, vehumet_altar_wand_db, slow_altar_1, lair_entry_dummy,
          minmay_mini_ossuary
Temple:   corrupted_temple
Lair:1:   layout_loops_ring, minivault_24, grunt_megastairs_1,
          serial_bayou_shore_a
Lair:2:   lemuel_slime, layout_gridlike, hellmonk_spider_entry_life_and_decay,
          minmay_hedge_maze, serial_bayou_pond_c, lemuel_altar_in_water2

Skill      XL: |  1  2  3  4  5  6  7  8  9 10 11 |
---------------+----------------------------------+-----
Ranged Weapons | 5 6 7 8 9 11 13 | 13.7
Fighting       | 3 4 5 8 9 |  9.1
Armour         | 1 3 |  3.0
Dodging        | 2 3 4 |  4.0
Invocations    | 4 |  4.1
Stealth        | |  1.1

Action                     |  1- 3 |  4- 6 |  7- 9 | 10-12 || total
---------------------------+-------+-------+-------+-------++-------
   Fire: Shortbow          |   118 |   133 |    86 |       ||   337
         Orcbow            |       |       |   301 |   240 ||   541
 Invoke: Heroism           |       |       |     7 |    12 ||    19
    Use: Scroll            |     4 |     7 |     8 |     3 ||    22
         Potion            |     1 |     2 |     2 |     2 ||     7
 Armour: Leather armour    |    18 |     3 |       |       ||    21
         Ring mail         |       |     9 |   111 |       ||   120
         Robe              |       |       |    35 |    58 ||    93
  Dodge: Dodged            |    21 |    30 |   134 |   100 ||   285
  Block: Other             |       |       |     5 |    24 ||    29

Table legend:
 A = Non-vault XP
 B = Vault XP
 C = Vault XP percentage of total XP
 D = Non-vault monster count
 E = Vault monster count
 F = Vault count percentage of total count
                 A         B        C        D         E       F
            +---------+---------+-------+---------+---------+-------
      Total |    9593 |    1001 |   9.4 |     167 |      12 |   6.7
            +---------+---------+-------+---------+---------+-------
        D:1 |      52 |       0 |   0.0 |      31 |       0 |   0.0
        D:2 |      27 |       0 |   0.0 |      10 |       0 |   0.0
        D:3 |      71 |       0 |   0.0 |      17 |       0 |   0.0
        D:4 |     192 |       0 |   0.0 |      10 |       0 |   0.0
        D:5 |     240 |      36 |  13.0 |      11 |       1 |   8.3
        D:6 |     518 |       0 |   0.0 |      12 |       0 |   0.0
        D:7 |    1218 |       0 |   0.0 |      16 |       0 |   0.0
        D:8 |    1033 |      42 |   3.9 |      28 |       7 |  20.0
     Lair:1 |    5452 |     923 |  14.5 |      28 |       4 |  12.5
     Lair:2 |     790 |       0 |   0.0 |       4 |       0 |   0.0
            +---------+---------+-------+---------+---------+-------
